 Dungeon Crawl Stone Soup version 0.24.0-125-gc4c63601f3 (webtiles) character file.

Game seed: 9905157669913446472, levelgen mode: deterministic

33 LraC the Grave Robber (level 3, -3/24 HPs)
             Began as a Demonspawn Necromancer on Mar 5, 2020.
             Slain by a hobgoblin (4 damage)
             ... on level 1 of the Dungeon.
             The game lasted 00:08:57 (829 turns).

LraC the Grave Robber (Demonspawn Necromancer)       Turns: 829, Time: 00:08:58

Health: -3/24      AC:  4    Str:  6 (8)  XL:     3   Next: 12%
Magic:  8/15       EV: 12    Int: 16 (17) God:
Gold:   38         SH:  0    Dex: 10 (13) Spells: 4/6 levels left

rFire    . . .     SeeInvis .   e - +0 short sword
rCold    . . .     Gourm    .   (no shield)
rNeg     . . .     Faith    .   a - +0 robe
rPois    .         Spirit   .   (helmet restricted)
rElec    .         Reflect  .   (no cloak)
rCorr    .         Harm     .   (no gloves)
MR       .....                  (no boots)
Stlth    ++........             (no amulet)
HPRegen  0.08/turn              h - ring of magical power
MPRegen  0.14/turn              (no ring)

@: no status effects
A: horns 1, thin metallic scales 1
a: no special abilities


You were on level 1 of the Dungeon.
You were not hungry.

You visited 1 branch of the dungeon, and saw 2 of its levels.

You collected 38 gold pieces.

Inventory:

Hand Weapons
 b - a +0 club
 e - a +0 short sword (weapon)
 f - a +0 club
 g - a +0 short sword
 j - a +0 club
Missiles
 k - 23 arrows
Armour
 a - a +0 robe (worn)
Jewellery
 h - a ring of magical power (left hand)
Scrolls
 i - a scroll of remove curse
Comestibles
 c - 4 rations
 d - a chunk of flesh


   Skills:
 + Level 0.4 Short Blades
 + Level 1.8 Dodging
 + Level 1.8 Stealth
 + Level 2.4 Spellcasting
 + Level 5.1 Necromancy


You had 4 spell levels left.
You knew the following spells:

 Your Spells              Type           Power        Failure   Level  Hunger
a - Pain                  Necr           ###.         2%          1    #......
b - Animate Skeleton      Necr           N/A          2%          1    #......

Your spell library contained the following spells:

 Spells                   Type           Power        Failure   Level  Hunger
 Vampiric Draining        Necr           ###.......   8%          3    ###....
 Regeneration             Chrm/Necr      ##........   22%         3    ###....
 Animate Dead             Necr           N/A          24%         4    #####..


Dungeon Overview and Level Annotations

Branches:
Dungeon (2/15)

Altars:
Xom


Innate Abilities, Weirdness & Mutations

You have a pair of small horns on your head.
You are partially covered in thin metallic scales. (AC +2)


Message History

Your jackal skeleton bites the hobgoblin.
Your jackal skeleton barely misses the hobgoblin.
The hobgoblin completely misses you.
You climb upwards.
Your mindless thrall stays behind.
There is a stone staircase leading down here.
As you read the scroll of fog, it crumbles to dust.
The scroll dissolves into smoke.
The jackal bites you but does no damage.
The hobgoblin closely misses you.
You barely miss the jackal. Your headbutt misses the jackal.
The jackal barely misses you. The jackal misses you.
The hobgoblin closely misses you.
You hit the jackal but do no damage. The jackal bites you.
* * * LOW HITPOINT WARNING * * *
The hobgoblin barely misses you.
You hit the jackal. Your headbutt misses the jackal.
The jackal is moderately wounded.
The jackal barely misses you. The jackal closely misses you.
The hobgoblin hits you.
You die...

###############
#....Z.....†..#
#.###########.# #§# #.# #g#
#.# ######### #@#
#########.# # ....Z.Z.#
#h###.......#.####
#######.#
#Z##...........##. #
#.########§##........#..##.
####
#....................#..##.
...#
##########.##........#..#..
.#.# #..............#..
.#.####
########....ZZ..##.#..
.#....###
#........#####Z###....


You could see a jackal, a hobgoblin and a friendly rat skeleton.

Vanquished Creatures
  An ooze (D:1)
  2 dart slugs (D:1)
  A goblin (D:1)
  3 hobgoblins (D:1)
  6 jackals
  3 kobolds (D:1)
  2 bats (D:1)
  6 rats (D:1)
24 creatures vanquished.

Notes
Turn   | Place    | Note
-------+----------+-------------------------------------------
     0 | D:1      | LraC the Demonspawn Necromancer began the quest for the
                  | Orb.
     0 | D:1      | Reached XP level 1. HP: 13/13 MP: 3/3
     2 | D:1      | Learned a level 1 spell: Animate Skeleton
   221 | D:1      | Gained mutation: You are partially covered in thin metallic
                  | scales. (AC +2) [demonic ancestry]
   221 | D:1      | Reached XP level 2. HP: 15/19 MP: 5/5
   437 | D:1      | Reached skill level 5 in Necromancy
   452 | D:1      | Found a shimmering altar of Xom.
   743 | D:1      | Gained mutation: You have a pair of small horns on your
                  | head. [demonic ancestry]
   743 | D:1      | Reached XP level 3. HP: 24/24 MP: 6/6
   824 | D:2      | HP: 1/24 [jackal (3)]
   829 | D:1      | Slain by a hobgoblin

Levels and vault maps discovered:
D:1:      dpeg_arrival_simpleton_b, layout_loops_ring,
          hangedman_abyss_or_decor_lesser_grid, xom_teletrap_fun
D:2:      layout_rooms

Skill      XL: |  1  2 |
---------------+-------+-----
Necromancy     | 5 |  5.1
Short Blades   | |  0.4
Dodging        | |  1.8
Stealth        | |  1.8
Spellcasting   | |  2.4

Action                   || total
-------------------------++-------
Melee: Short sword       ||    25
 Cast: Pain              ||    34
       Animate Skeleton  ||     9
  Use: Potion            ||     3
       Scroll            ||     4
 Stab: Sleeping          ||     3
Armor: Robe              ||    14
Dodge: Dodged            ||    32
